 Dungeon Crawl Stone Soup version 0.30-a0-845-g7c6808c8ce (webtiles) character file.

Game seed: 10808790892529087683

184 Demosthentine the Poker (level 5, -2/41 HPs)
             Began as a Demonspawn Gladiator on Mar 2, 2023.
             Succumbed to a water moccasin's poison
             ... on level 3 of the Dungeon.
             The game lasted 00:02:11 (2215 turns).

Demosthentine the Poker (Demonspawn Gladiator)      Turns: 2215, Time: 00:02:11

Health: -2/41      AC:  8    Str: 14    XL:     5   Next: 36%
Magic:  5/5        EV: 13    Int: 10    God:
Gold:   209        SH:  0    Dex: 16    Spells: 4/4 levels left

rFire   + . .      SeeInvis .    a - +1 trident
rCold   . . .      Faith    .    (no shield)
rNeg    . . .      Spirit   .    b - +0 leather armour
rPois   .          Reflect  .    c - +0 helmet
rElec   .          Rampage  .    (no cloak)
rCorr   .                        (no gloves)
Will    .....                    (no boots)
Stlth   +                        (no amulet)
HPRegen 0.26/turn                j - ring of protection from fire
MPRegen 0.09/turn                r - +4 ring of protection

@: lethally poisoned (-2 -> -14)
A: hooves 2, sturdy frame 1
a: no special abilities


You were on level 3 of the Dungeon.
You visited 1 branch of the dungeon, and saw 4 of its levels.

You collected 209 gold pieces.

Inventory:

Hand Weapons
 a - a +1 trident (weapon)
Missiles
 e - a javelin (quivered)
Armour
 b - a +0 leather armour (worn)
 c - a +0 helmet (worn)
Jewellery
 j - a ring of protection from fire (left hand)
 r - a +4 ring of protection (right hand)
Potions
 f - a potion of attraction
 g - a potion of curing
 h - a potion of mutation
 k - a potion of brilliance
 l - a potion of magic
 n - 3 potions of resistance {unknown}
 p - a potion of haste
 s - a potion of invisibility {unknown}


   Skills:
 + Level 3.2 Fighting
 + Level 3.6 Polearms
 - Level 1.7 Throwing
 + Level 2.1 Armour
 + Level 3.5 Dodging


You had 4 spell levels left.
You didn't know any spells.
Your spell library contained the following spells:

 Spells                   Type           Power      Damage    Failure   Level
 Beastly Appendage        Tmut           0%         N/A       36%         1
 Magic Dart               Conj           0%         1d3       36%         1
 Call Imp                 Summ           0%         N/A       52%         2
 Wereblood                Tmut           0%         N/A       52%         2
 Mephitic Cloud           Conj/Pois/Air  0%         N/A       75%         3
 Spider Form              Tmut/Pois      0%         N/A       75%         3


Dungeon Overview and Level Annotations

Branches:
Dungeon (4/15)
 Temple: D:4-7

Altars:


Innate Abilities, Weirdness & Mutations

You have hoof-like feet.
Your movements are slightly less encumbered by armour. (ER -2)


Message History

The water moccasin barely misses you.
You hit the water moccasin but do no damage.
Your kick misses the water moccasin.
The water moccasin is heavily wounded.
The water moccasin bites you but does no damage.
The orc hits you with a +0 club.
You hit the water moccasin but do no damage.
The water moccasin is heavily wounded.
The water moccasin closely misses you. The orc closely misses you.
The water moccasin bites you but does no damage.
You hit the water moccasin but do no damage.
The water moccasin is heavily wounded.
The water moccasin misses you. The orc hits you but does no damage.
Throw: throwing net
Press: ? - help, Q - select action, (/) - cycle Shift-Dir - straight line, f/p - water moccasin
Aim: a water moccasin (heavily wounded, 42% to hit)
You throw a throwing net.
The throwing net barely misses the water moccasin.
The water moccasin bites you. The orc hits you but does no damage.
The water moccasin bites you but does no damage.
Unknown command.
You closely miss the water moccasin. Your kick misses the water moccasin.
The water moccasin is heavily wounded.
The water moccasin closely misses you. The orc closely misses you.
You closely miss the water moccasin. You kick the water moccasin.
The water moccasin is heavily wounded.
The water moccasin barely misses you. The orc barely misses you.
The water moccasin bites you!
* * * LOW HITPOINT WARNING * * *
You are lethally poisoned!
The water moccasin poisons you!
You miss the water moccasin.
The water moccasin is heavily wounded.
* * * LOW HITPOINT WARNING * * *
You feel very sick. The water moccasin barely misses you.
The orc hits you with a +0 club.
* * * LOW HITPOINT WARNING * * *
You barely miss the water moccasin.
The water moccasin is heavily wounded.
You die...

#....#.....#......#.....#####
##.÷÷....#.#......#.........#
####.....#.##.....#.........#
# #.....#.##..#..#.........#
# ##......##..#..###†#.....#
# #......####.....[.#.....#
#####......# #.......#######
...........# #So.....#
#######....# ##@####.# #
##'#.# ######.# # ###.#.#
#...)..# # #...#.#####.######
# #.###............# ######.#
#######.####.# .......#
#......# ######## ########


You could see a water moccasin and an orc.

Vanquished Creatures
  A jelly (D:3)
  An orc wizard (D:2)
  Robin (D:2)
  2 adders
  2 worms
  A dart slug (D:2)
  8 orcs
  6 ball pythons
  5 bats
  4 endoplasms
  5 giant cockroaches
  17 goblins
  4 hobgoblins
  3 jackals (D:2)
  3 quokkas
  4 frilled lizards (D:2)
  6 kobolds
  10 rats
83 creatures vanquished.

Notes
Turn   | Place    | Note
-------+----------+-------------------------------------------
     0 | D:1      | Demosthentine the Demonspawn Gladiator began the quest for
                  | the Orb.
     0 | D:1      | Reached XP level 1. HP: 16/16 MP: 1/1
    75 | D:1      | Gained mutation: You have large cloven feet. [demonic
                  | ancestry]
    75 | D:1      | Reached XP level 2. HP: 22/22 MP: 2/2
   263 | D:1      | Reached skill level 1 in Armour
   329 | D:1      | Gained mutation: You have hoof-like feet. [demonic
                  | ancestry]
   329 | D:1      | Reached XP level 3. HP: 26/28 MP: 3/3
   740 | D:2      | Noticed Robin
   878 | D:2      | Killed Robin
   879 | D:2      | Reached XP level 4. HP: 30/34 MP: 4/4
   951 | D:2      | Found a faded altar of an unknown god.
  1744 | D:3      | Gained mutation: Your movements are slightly less
                  | encumbered by armour. (ER -2) [demonic ancestry]
  1744 | D:3      | Reached XP level 5. HP: 23/41 MP: 5/5
  2186 | D:4      | Noticed a water moccasin
  2200 | D:3      | HP: 2/41 [water moccasin (4)]
  2214 | D:3      | HP: 1/41 [orc/+0 club (3)]
  2215 | D:3      | Succumbed to a water moccasin's poison

Illustrated notes

Levels and vault maps discovered:
D:1:      tarquinn_simple_flora_water_a, layout_rooms, serial_curves,
          eino_curves_04, eino_curves_02
D:2:      layout_basic, shapermc_ecumenical_altar_venn, uniq_robin
D:3:      layout_basic
D:4:      layout_cave_pools, serial_shops, nicolae_diamond_shop,
          nicolae_shop_hallway_plus, shop, nicolae_shop_crystal, shop_fountains,
          kennysheep_generic_room_15

Skill      XL: |  1  2  3  4 |
---------------+-------------+-----
Polearms       | 3 |  3.6
Dodging        | 3 |  3.5
Armour         | 1 2 |  2.1
Fighting       | 3 |  3.2
Throwing       | |  1.7

Action                     |  1- 3 |  4- 6 || total
---------------------------+-------+-------++-------
  Melee: Trident           |    90 |   115 ||   205
         Kick              |    13 |    21 ||    34
         Punch             |     2 |       ||     2
  Throw: Throwing net      |       |     3 ||     3
    Use: Scroll            |     4 |    10 ||    14
         Potion            |       |     2 ||     2
   Stab: Sleeping          |     4 |     5 ||     9
 Armour: Leather armour    |    27 |    47 ||    74
  Dodge: Dodged            |    51 |    86 ||   137

Table legend: (Time is in decaauts)
 A = Elapsed time spent in this place.
 B = Non-inter-level travel time spent in this place.
 C = Inter-level travel time spent in this place.
 D = Time resting spent in this place.
 E = Time spent auto-exploring this place.
 F = Levels seen in this place.
 G = Mean time per level.
                   A        B        C        D        E       F      G
               +--------+--------+--------+--------+--------+-----+--------+
         Total |   2247 |   2205 |     42 |    297 |   1421 |   4 |  561.8 |
       Dungeon |   2247 |   2205 |     42 |    297 |   1421 |   4 |  561.8 |
               +--------+--------+--------+--------+--------+-----+--------+

Top non-repeatable levels by time:
     D:2: 955 daAuts
     D:1: 759 daAuts
     D:3: 525 daAuts
     D:4: 7 daAuts
